 Dungeon Crawl Stone Soup version 0.28-a0-239-g68911e0c57 (webtiles) character file.

Game seed: 4821110526960840156

9286 PentaManta the Grappler (level 11, -9/97 HPs)
             Began as a Ghoul Abyssal Knight on Aug 23, 2021.
             Was a Priest of Lugonu.
             Mangled by a large abomination (25 damage)
             ... summoned by Lugonu's corruption
             ... on level 11 of the Dungeon.
             The game lasted 00:27:50 (15589 turns).

PentaManta the Grappler (Ghoul Abyssal Knight)     Turns: 15589, Time: 00:27:50

Health: -9/97      AC: 17    Str: 15    XL:     11   Next: 44%
Magic:  12/16      EV:  7    Int: 15    God:    Lugonu [***...]
Gold:   477        SH:  6    Dex:  8    Spells: 10/10 levels left

rFire   . . .      SeeInvis .     - Unarmed
rCold   . . .      Faith    .   j - +2 buckler
rNeg    + + +      Spirit   .   G - +6 chain mail of the Original Sin {+Inv rC- Str-5 Int+8}
rPois   ∞          Reflect  .   n - +0 helmet
rElec   .          Harm     .   (no cloak)
rCorr   .          Rampage  .   (no gloves)
Will    .....                   (no boots)
Stlth   ..........              (no amulet)
HPRegen 0.26/turn               (no ring)
MPRegen 0.15/turn               (no ring)

@: no status effects
A: claws 1, cold resistance 1, negative energy resistance 3, inhibited
regeneration, torment resistance 2
a: Renounce Religion, Evoke Invisibility, Depart the Abyss, Bend Space, Banish


You were on level 11 of the Dungeon.
You worshipped Lugonu.
Lugonu was most pleased with you.
You visited 2 branches of the dungeon, and saw 12 of its levels.
You visited the Abyss 1 time.

You collected 609 gold pieces.
You spent 132 gold pieces at shops.

Inventory:

Hand Weapons
 F - a +4 dagger of venom
Missiles
 c - 2 datura-tipped darts
 m - 2 throwing nets
 u - 19 poisoned darts (quivered)
 C - 8 boomerangs of dispersal
Armour
 h - a +0 plate armour
 j - a +2 buckler (worn)
 n - a +0 helmet (worn)
 B - a +0 pair of gloves
 G - the +6 chain mail of the Original Sin (worn) {+Inv rC- Str-5 Int+8}
   (You found it on level 7 of the Dungeon)

   Str:       It affects your strength (-5).
   Int:       It affects your intelligence (+8).
   rC:        It makes you vulnerable to cold.
   +Inv:      It lets you turn invisible.
Jewellery
 q - an amulet of magic regeneration
 w - a ring of wizardry
 y - a ring of willpower
Wands
 g - a wand of paralysis (8)
 A - a wand of acid (10)
 E - a wand of polymorph (7)
 K - a wand of digging (6)
Scrolls
 a - a scroll of acquirement
 e - 3 scrolls of fog
 i - 2 scrolls of blinking {unknown}
 r - 2 scrolls of torment {unknown}
 s - 2 scrolls of magic mapping {unknown}
 t - a scroll of noise {unknown}
 x - 4 scrolls of enchant weapon {unknown}
 I - a scroll of identify
 J - a scroll of enchant armour {unknown}
Potions
 b - 2 potions of flight
 d - 2 potions of degeneration {unknown}
 f - 2 potions of brilliance {unknown}
 k - 2 potions of invisibility
 l - 5 potions of curing
 o - a potion of cancellation
 p - a potion of berserk rage {unknown}
 v - a potion of haste
 z - a potion of might
 D - a potion of resistance
 M - a potion of attraction {unknown}


   Skills:
 * Level 9.0 Fighting
 * Level 7.2 Armour
 - Level 0.8 Dodging
 - Level 4.0 Shields
 + Level 11.8 Unarmed Combat
 - Level 8.5 Invocations


You had 10 spell levels left.
You didn't know any spells.
Your spell library contained the following spells:

 Spells                   Type           Power      Damage    Failure   Level
 Dazzling Flash           Conj/Hex       0%         N/A       100%        3
 Agony                    Necr           0%         N/A       100%        5
 Freezing Cloud           Conj/Ice/Air   0%         6-21      100%        5
 Silence                  Hex/Air        0%         N/A       100%        5
 Simulacrum               Ice/Necr       0%         N/A       100%        6
 Summon Hydra             Summ           0%         N/A       100%        7
 Polar Vortex             Ice            0%         N/A       100%        9
 Sublimation of Blood     Necr           Unusable   N/A       N/A         2
 Wereblood                Tmut           Unusable   N/A       N/A         2

Dungeon Overview and Level Annotations

Branches:
Dungeon (11/15)            Temple (1/1) D:4            Lair (0/6) D:8
    Orc: D:9-12

Altars:
Ashenzari
Elyvilon
Fedhas
Gozag
Hepliaklqana
Kikubaaqudgha
Makhleb
Okawaru
Sif Muna
Trog
Vehumet
Xom
Beogh

Shops:
D:4 !   D:10 (

Annotations:
D:7 3 runed translucent doors, Gilette's ghost, novice GnEE
D:11 corrupted


Innate Abilities, Weirdness & Mutations

You thrive by killing the living.
You are immune to poison.
You have sharp fingernails.
Your flesh is cold resistant. (rC+)
You are immune to negative energy. (rN+++)
You do not regenerate when monsters are visible.
You are immune to unholy pain and torment.


Message History

You can no longer corrupt the fabric of space.
The manticore flicks its tail.
The volley of spikes hits you!
The barbed spikes become lodged in your body.
* * * LOW HITPOINT WARNING * * *
The cyan ugly thing stings the large abomination.
The cyan ugly thing shocks the large abomination!
Unknown command.
Space bends around you!
You blink.
Something stings the large abomination but does no damage.
Something stings the manticore!
You feel better.
The manticore flicks its tail.
The volley of spikes hits the tentacled starspawn!
The large abomination barely misses something.
You feel a bit more experienced.
Something stings the manticore but does no damage.
Your Fighting skill increases to level 9!
The manticore flicks its tail.
The volley of spikes hits the tentacled starspawn.
Tentacles burst from the starspawn's body!
A starcursed mass splits.
The manticore writhes in pain as voices assail its mind.
Something barely misses the manticore. x2
The tentacled starspawn completely misses the manticore.
The tentacled starspawn tentacle-slaps the manticore!
Something stings the manticore. 2 starspawn tentacles come into view.
Something hits the manticore.
Something hits the manticore but does no damage.
The manticore closely misses the tentacled starspawn.
The manticore claws the tentacled starspawn! x2
A starcursed mass splits.
Something barely misses the manticore.
Something bites the manticore!
The manticore dies!
You carefully extract the barbed spikes from your body.
There are monsters nearby!
The neqoxec hits you but does no damage.
The large abomination hits you!!
You die...

#....## #.# #. ##.#...####
#.# #. #....#..#.##..# #.
##...##..#....##### #.
####3.#..##.##.....#### #.
#..#X...#........X....# #.
##..#x.....X.##....#..###.
...#.#†...........##...)...
###.
#.4.4.@..#...#.#..####. #
..#[.#X.....#.X#...# #.
#.#.G##.##...#..#.X..# #.
##....#...#..#...#....# #.
#....Z...##..##.##....## #.
#...5...##....##.......# #.
...X...................# #.
#...Y.................# #.
#$.....##....##.......###.


You could see 2 neutral starcursed masses, a neutral tentacled starspawn
(summoned, wandering), a neutral large abomination (summoned, wandering), a
neutral yak (summoned, wandering), a neutral neqoxec (summoned, wandering), 2
neutral chaos spawn, a neutral small abomination (summoned, wandering), a
neutral golden eye (summoned), a neutral ufetubus (summoned, wandering) and a
neutral centaur warrior zombie (summoned, wandering).

Vanquished Creatures
  A centaur warrior (D:10)
  A two-headed ogre (D:10)
  An ugly thing (D:9)
  A cyclops (D:9)
  An unseen horror (D:11)
  2 trolls
  2 hornets
  A shadow (D:9)
  9 yaks
  4 steam dragons
  A basilisk (D:11)
  An acid dragon (D:10)
  3 water moccasins
  A swamp drake (D:8)
  2 orc warriors (D:8)
  3 sky beasts
  2 necrophages
  3 ogres (D:5)
  5 centaurs
  3 phantoms
  4 bullfrogs
  A wyvern zombie (D:8)
  A kobold brigand (D:6)
  2 gnoll sergeants
  2 scorpions (D:5)
  A water moccasin zombie (D:5)
  7 killer bees (D:8)
  A howler monkey (D:9)
  2 electric eels (D:9)
  A bullfrog zombie (D:7)
  A hound (D:6)
  An orc priest (D:9)
  A gnoll shaman (D:7)
  6 orc wizards
  Natasha (thrice) (D:3)
  A killer bee zombie (D:5)
  A hound skeleton (D:5)
  2 howler monkey zombies (D:6)
  14 gnolls
  9 adders
  A shadow imp (D:7)
  A white imp (D:6)
  A worm (D:2)
  5 dart slugs
  25 orcs
  A ball python (D:4)
  5 endoplasms
  5 giant cockroaches
  10 hobgoblins
  4 jackals (D:1)
  2 quokkas
  4 bats
  2 frilled lizards
  5 goblins
  8 kobolds
  4 rats
191 creatures vanquished.

Vanquished Creatures (others)
  An ugly thing (D:11)
  A manticore (D:11)
  A troll (D:11)
  An orc (D:9)
  18 plants
  4 starspawn tentacles (D:11)
26 creatures vanquished.

Grand Total: 217 creatures vanquished

Notes
Turn   | Place    | Note
-------+----------+-------------------------------------------
     0 | Abyss:1  | PentaManta the Ghoul Abyssal Knight began the quest for the
                  | Orb.
     0 | Abyss:1  | Reached XP level 1. HP: 19/19 MP: 1/1
    20 | Abyss:1  | Noticed a starcursed mass
    57 | D:1      | Escaped the Abyss
   394 | D:1      | Reached * piety under Lugonu
   520 | D:1      | Found a faded altar of an unknown god.
   541 | D:1      | Reached skill level 3 in Unarmed Combat
   541 | D:1      | Reached XP level 2. HP: 24/26 MP: 2/2
  1054 | D:1      | Reached XP level 3. HP: 27/31 MP: 3/3
  1523 | D:2      | Reached skill level 4 in Unarmed Combat
  2135 | D:2      | Reached XP level 4. HP: 29/38 MP: 4/4
  2364 | D:2      | Reached skill level 5 in Unarmed Combat
  2572 | D:3      | Reached ** piety under Lugonu
  2932 | D:3      | Reached XP level 5. HP: 45/45 MP: 5/5
  3020 | D:3      | Found a faded altar of an unknown god.
  3020 | D:3      | Found an opulent altar of Gozag.
  3028 | D:3      | Found a hazy altar of Hepliaklqana.
  3030 | D:3      | Found a blossoming altar of Fedhas.
  3032 | D:3      | Found a burning altar of Makhleb.
  3230 | D:3      | Noticed Natasha
  3238 | D:3      | Killed Natasha
  3316 | D:3      | Reached skill level 6 in Unarmed Combat
  3394 | D:3      | Noticed Natasha
  3402 | D:3      | Killed Natasha
  3437 | D:3      | Noticed Natasha
  3447 | D:3      | Killed Natasha
  3605 | D:4      | Found Zaqa's Distillery.
  3613 | D:4      | Bought a potion of curing for 36 gold pieces
  3617 | D:4      | Bought a potion of invisibility for 96 gold pieces
  3683 | D:4      | Reached XP level 6. HP: 25/51 MP: 6/6
  3905 | D:4      | Found a staircase to the Ecumenical Temple.
  3917 | Temple   | Entered the Ecumenical Temple
  3933 | D:4      | Reached skill level 7 in Unarmed Combat
  4184 | D:5      | Entered Level 5 of the Dungeon
  4646 | D:4      | Reached skill level 1 in Shields
  4895 | D:4      | Noticed a necrophage
  4909 | D:4      | Killed a necrophage
  4910 | D:4      | Reached XP level 7. HP: 43/57 MP: 7/7
  5721 | D:5      | Reached skill level 8 in Unarmed Combat
  6562 | D:5      | Found an iron altar of Okawaru.
  6591 | D:5      | Reached XP level 8. HP: 49/63 MP: 8/8
  7321 | D:6      | You fall into a shaft and drop 3 floors!
  7329 | D:9      | Noticed a yak
  7329 | D:9      | Noticed a yak
  7330 | D:9      | Noticed a yak
  7332 | D:9      | Noticed a cyclops
  7587 | D:6      | Reached *** piety under Lugonu
  7648 | D:6      | Reached skill level 9 in Unarmed Combat
  7771 | D:6      | Reached skill level 5 in Invocations
  8553 | D:6      | Reached XP level 9. HP: 66/70 MP: 12/12
  9223 | D:7      | Found a broken altar of Ashenzari.
  9665 | D:7      | Found a runed translucent gate.
  9667 | D:7      | Found a runed translucent gate.
  9668 | D:7      | Found a runed translucent gate.
  9687 | D:7      | Reached skill level 10 in Unarmed Combat
  9709 | D:7      | Noticed Gilette's ghost (novice GnEE)
 10739 | D:8      | Found an ancient bone altar of Kikubaaqudgha.
 11037 | D:8      | Reached XP level 10. HP: 80/80 MP: 15/15
 11077 | D:8      | Found a radiant altar of Vehumet.
 11445 | D:8      | Reached **** piety under Lugonu
 11446 | D:8      | Reached skill level 5 in Fighting
 11909 | D:8      | Found a staircase to the Lair.
 12055 | D:7      | Identified the +6 chain mail of the Original Sin {+Inv rC-
                  | Str-5 Int+8}
 12077 | D:7      | Identified a scroll of acquirement
 12176 | D:8      | Reached skill level 11 in Unarmed Combat
 12423 | D:9      | Killed a cyclops
 12951 | D:9      | Reached skill level 5 in Armour
 12992 | D:9      | Noticed a green ugly thing
 13008 | D:9      | Killed a green ugly thing
 13697 | D:10     | Entered Level 10 of the Dungeon
 13806 | D:10     | Found Plog's Antique Weapon Shop.
 13959 | D:10     | Noticed a centaur warrior
 13970 | D:10     | Killed a centaur warrior
 13971 | D:10     | Reached XP level 11. HP: 71/94 MP: 16/16
 14600 | D:10     | Noticed a two-headed ogre
 14642 | D:10     | Killed a two-headed ogre
 15543 | D:11     | Noticed a cyan ugly thing
 15544 | D:11     | Noticed a manticore
 15553 | D:11     | Corrupted D:11
 15553 | D:11     | Noticed a tentacled starspawn
 15553 | D:11     | Noticed a tentacled starspawn
 15553 | D:11     | Noticed a tentacled starspawn
 15553 | D:11     | Noticed a vampire mage
 15553 | D:11     | Noticed a starcursed mass
 15553 | D:11     | HP: 3/95 [manticore/volley of spikes (8)]
 15555 | D:11     | Killed a cyan ugly thing
 15557 | D:11     | Killed a manticore
 15565 | D:11     | Noticed an orb spider
 15569 | D:11     | Noticed a starcursed mass
 15574 | D:11     | Noticed a sixfirhy
 15581 | D:11     | Noticed a tentacled starspawn
 15589 | D:11     | Mangled by a large abomination

Illustrated notes

Levels and vault maps discovered:
D:1:      nzn_arrival_settlement, layout_loops_cross,
          shapermc_ecumenical_altar_starsandcircs, serial_bayou,
          serial_bayou_shore_b, serial_bayou_pond_d, serial_bayou_crossing,
          serial_bayou_pond_c, serial_bayou_pond_c, st_stairs_2,
          roderic_lattice_a
D:2:      layout_rooms, grunt_ministairs_4, chequers_serial_rivers_small_a
D:3:      layout_loops_ring, chequers_temple_overflow_minitemple,
          hangedman_abyss_or_decor_stabs, uniq_natasha
D:4:      layout_basic, minmay_temple_entry_mini_moons, serial_shops,
          nicolae_shop_waterfront, lightli_minifort
D:5:      layout_gridville, okawaru_metal_pillars_3, small_statue_intersection,
          kennysheep_generic_room_12
D:6:      layout_basic
D:7:      layout_basic, nicolae_overflow_hidden_temple,
          biasface_ghost_orc_armoury, hangedman_decor_clover_reticule
D:8:      layout_loops_ring, old_standard_altar, mainiacjoe_overflow_chevrons,
          lair_entry_dummy
D:9:      layout_big_octagon, serial_bayou, serial_bayou_lagoon_a,
          serial_bayou_ford_a, serial_bayou_pond_d, serial_bayou_shore_b
D:10:     layout_basic, serial_shops, nicolae_shop_behind_doors
D:11:     layout_small_grid, orc_0_dummy, minmay_misc_feat_secret_circle
Temple:   zaba_magenta_temple

Skill      XL: |  1  2  3  4  5  6  7  8  9 10 11 |
---------------+----------------------------------+-----
Unarmed Combat | 3 4 5 6 7 8 9 10 11 | 11.8
Shields        | 2 4 |  4.0
Invocations    | 6 8 |  8.5
Armour         | 3 6 7 |  7.2
Fighting       | 4 7 9 |  9.0
Dodging        | |  0.8

Action                   |  1- 3 |  4- 6 |  7- 9 | 10-12 || total
-------------------------+-------+-------+-------+-------++-------
Melee: Unarmed           |   138 |   196 |   358 |   297 ||   989
       Punch             |     1 |     3 |       |       ||     4
Throw: Dart              |       |       |     2 |    15 ||    17
Invok: Depart the Abyss  |     1 |       |       |       ||     1
       Bend Space        |       |     1 |     1 |     6 ||     8
       Corrupt           |       |       |       |     1 ||     1
Evoke: Wand              |       |       |       |     1 ||     1
  Use: Scroll            |       |     4 |     1 |     7 ||    12
       Potion            |       |       |       |     6 ||     6
Armor: Leather armour    |    27 |       |       |       ||    27
       Ring mail         |    15 |    33 |       |       ||    48
       Scale mail        |       |    22 |     6 |       ||    28
       Chain mail        |       |       |   136 |   176 ||   312
Dodge: Dodged            |    78 |    63 |    85 |    61 ||   287
Block: Buckler           |       |    14 |    85 |    83 ||   182

Table legend: (Time is in decaauts)
 A = Elapsed time spent in this place.
 B = Non-inter-level travel time spent in this place.
 C = Inter-level travel time spent in this place.
 D = Time resting spent in this place.
 E = Time spent auto-exploring this place.
 F = Levels seen in this place.
 G = Mean time per level.
                   A        B        C        D        E       F      G
               +--------+--------+--------+--------+--------+-----+--------+
         Total |  15499 |  14757 |    742 |   4283 |   7929 |  13 | 1192.2 |
       Dungeon |  15440 |  14698 |    742 |   4283 |   7929 |  11 | 1403.6 |
        Temple |      1 |      1 |      0 |      0 |      0 |   1 |    1.0 |
         Abyss |     57 |     57 |      0 |      0 |      0 |   1 |   57.0 |
               +--------+--------+--------+--------+--------+-----+--------+

Top non-repeatable levels by time:
     D:5: 2188 daAuts
     D:8: 2071 daAuts
     D:7: 1959 daAuts
     D:1: 1669 daAuts
     D:4: 1345 daAuts
     D:6: 1337 daAuts
     D:3: 1196 daAuts
    D:10: 1131 daAuts
     D:9: 961 daAuts
     D:2: 856 daAuts
    D:11: 722 daAuts
 Abyss:1: 57 daAuts
  Temple: 1 daAuts
